 Dungeon Crawl Stone Soup version 0.17.1-1-g73c8601 (webtiles) character file.

11 DeXoteric the Cutter (level 2, -3/20 HPs)
             Began as a Kobold Chaos Knight on Dec 29, 2015.
             Slain by a gnoll
             ... wielding a cursed -3 spear
              (11 damage)
             ... on level 1 of the Dungeon.
             The game lasted 00:01:51 (573 turns).

DeXoteric the Cutter (Kobold Chaos Knight)           Turns: 573, Time: 00:01:51

Health: -3/20      AC:  5    Str: 10    XL:     2   Next: 40%
Magic:  0/2        EV: 14    Int: 10    God:    Xom [..*...]
Gold:   39         SH:  0    Dex: 15    Spells: 0 memorised, 1 level left

rFire  . . .     SeeInvis .     a - +0 short sword (chaos)
rCold  . . .     Clarity  .     b - +2 leather armour
rNeg   . . .     SustAt   .     (shield restricted)
rPois  .         Gourm    .     (no helmet)
rElec  .         Spirit   +     (no cloak)
rCorr  .         Warding  .     (no gloves)
rMut   .         Stasis   .     (no boots)
MR     .....                    j - amulet of guardian spirit
Stlth  +++.......               (no ring)
                                (no ring)

@: especially stealthy, not resistant to hostile enchantments, fairly stealthy
A: carnivore 3
a: Renounce Religion


You were on level 1 of the Dungeon.
You worshipped Xom.
You were a toy of Xom.
You were very full.

You visited 1 branch of the dungeon, and saw 2 of its levels.

You collected 39 gold pieces.

Inventory:

Hand Weapons
 a - a +0 short sword of chaos (weapon)
Armour
 b - a +2 leather armour (worn)
Jewellery
 j - an amulet of guardian spirit (around neck)
 m - a +5 ring of strength {unknown}
Scrolls
 e - a scroll of fear {unknown}
 f - 2 scrolls of blinking {unknown}
 g - 3 scrolls of identify {unknown}
 h - a scroll of fog {unknown}
 i - 3 scrolls of recharging {unknown}
 l - a scroll of teleportation {unknown}
Potions
 d - a potion of haste {unknown}
 k - a potion of heal wounds {unknown}
Comestibles
 c - 2 meat rations


   Skills:
 + Level 3.7 Fighting
 + Level 4.5 Short Blades
 - Level 0.7 Armour
 - Level 2.4 Dodging
 + Level 0.0 Stealth


You had one spell level left.
You didn't know any spells.

Dungeon Overview and Level Annotations

Branches:
Dungeon (2/15)

Altars:


Innate Abilities, Weirdness & Mutations

You are small and have problems with some larger weapons.
You are carnivorous and can eat meat at any time.


Message History

You climb upwards.
There is a stone staircase leading down here.
You take 4 damage, and have 16/20 hp.
You now have 1/2 mp.
You hit the gnoll.
There is a strange surge of energy around the gnoll.
The gnoll misses you.
You hit the gnoll.
You feel better. The gnoll hits you with a spear!
You take 4 damage, and have 12/20 hp.
You now have 0/2 mp.
You hit the gnoll.
The gnoll goes berserk!
Xom thinks this is hilarious!
The gnoll misses you.
You hit the gnoll but do no damage. The gnoll completely misses you.
The gnoll hits you with a spear.
You take 1 damage, and have 11/20 hp.
You barely miss the gnoll. The gnoll hits you with a spear.
* * * LOW HITPOINT WARNING * * *
You take 3 damage, and have 8/20 hp.
You closely miss the gnoll. The gnoll hits you with a spear!
Ouch! That really hurt!
You die...

#..###....≈≈≈'...#.......#...+≈
###.## ##...≈≈≈#'#'#.#####.###'#≈
.....###.....≈≈≈≈#...#...#...'≈≈≈
###.#.#.#..)..≈≈≈'.⌠.'.<.###.#≈≈≈
#.##.##..⌠..≈≈≈'.⌠.'...###.#≈≈≈
#.#####....≈≈≈≈#...#...#...'≈≈≈
#.........≈≈≈#'###.#####.###'#≈
######....≈≈≈+.g.'.......'...'≈
#......≈≈≈+K..##'###'##...'≈
##.#....≈≈≈#'#+#≈≈≈≈≈≈≈#'#'#≈
#.......≈≈≈≈≈≈≈≈≈≈≈≈≈≈≈≈≈≈≈≈≈
#..##...≈≈≈≈≈≈≈≈≈≈≈≈≈≈≈≈≈≈≈≈≈
#..##...≈≈≈≈≈≈≈≈≈≈≈≈≈≈≈≈≈≈≈≈≈
#..##....[...............)...
#####..###.......................
...............######.........###
#####............# #.......##.#.


You could see a gnoll (berserk).

Vanquished Creatures
  2 hobgoblins (D:1)
  2 bats
  A giant cockroach (D:1)
  2 goblins (D:1)
  4 jackals (D:1)
11 creatures vanquished.

Notes
Turn   | Place    | Note
--------------------------------------------------------------
     0 | D:1      | DeXoteric the Kobold Chaos Knight began the quest for the Orb.
     0 | D:1      | Reached XP level 1. HP: 14/14 MP: 1/1
   292 | D:1      | Reached XP level 2. HP: 17/19 MP: 2/2
   559 | D:2      | XOM: stealth player
   573 | D:1      | Slain by a gnoll

Action                   || total
-------------------------++-------
Melee: Short sword       ||    32
 Stab: Paralysed         ||     1
       Sleeping          ||     1
  Eat: Chunk             ||     5
